 Dungeon Crawl Stone Soup version 0.30.2 (webtiles) character file.

Game seed: 15078886449137483274

345 porpoise the Shooter (level 6, 0/75 HPs)
             Began as a Barachi Hunter on Jan 27, 2024.
             Succumbed to an adder's poison
             ... in a sewer.
             The game lasted 00:09:53 (3337 turns).

porpoise the Shooter (Barachi Hunter)               Turns: 3337, Time: 00:09:54

Health: 0/75       AC:  5    Str: 13    XL:     6   Next: 58%
Magic:  6/6        EV: 11    Int:  9    God:
Gold:   199        SH:  0    Dex: 17    Spells: 5/5 levels left

rFire   + . .        (no weapon)
rCold   + . .        (no shield)
rNeg    . . .        q - +0 ring mail
rPois   +            (no helmet)
rElec   +            (no cloak)
rCorr   +            (no gloves)
SInv    .            (no boots)
Will    .....        (no amulet) Stlth
                     (no ring)
HPRegen 0.32/turn    (no ring)
MPRegen 0.10/turn

%: no passive effects
@: mighty, berserking, lethally poisoned (0 -> -3), resistant, attractive,
flying, invisible, very quick
A: amphibious, slowness 1, strong legs 1, +LOS
a: Hop


You were in a sewer.
You visited 1 branch of the dungeon, and saw 5 of its levels.
You also visited: Sewer.

You collected 199 gold pieces.

Inventory:

Hand Weapons
 a - a +1 shortbow
 h - a +1 short sword of electrocution
Missiles
 j - 7 boomerangs
 r - 4 atropa-tipped darts
Armour
 c - a +0 leather armour
 q - a +0 ring mail (worn)
Magical Staves
 s - a staff of death
Wands
 k - a wand of flame (13)
Scrolls
 b - a scroll of immolation
 g - a scroll of brand weapon {unknown}
 l - a scroll of teleportation
 n - a scroll of enchant weapon
 t - a scroll of poison {unknown}
 x - a scroll of identify {unknown}
Potions
 e - 4 potions of mutation
 o - a potion of invisibility
 v - a potion of lignification {unknown}
 w - a potion of curing {unknown}


   Skills:
 + Level 4.8 Fighting
 * Level 6.8 Ranged Weapons
 - Level 2.1 Dodging
 - Level 0.8 Stealth


You had 5 spell levels left.
You didn't know any spells.
Your spell library contained the following spells:

 Spells                   Type           Power      Damage    Failure   Level
 Sting                    Tmut/Pois      0%         1d3       65%         1
 Poisonous Vapours        Pois/Air       0%         N/A       80%         2
 Ignite Poison            Fire/Tmut/Pois 0%         N/A       95%         3
 Leda's Liquefaction      Hex/Erth       0%         N/A       100%        4
 Olgreb's Toxic Radiance  Pois           0%         N/A       100%        4
 Sticky Flame             Conj/Fire      0%         2d3       100%        4
 Fireball                 Conj/Fire      0%         3d3       100%        5
 Iskenderun's Battlesphe  Conj           0%         2d6       100%        5
 Lee's Rapid Deconstruct  Erth           0%         3d4*      100%        5
 Conjure Ball Lightning   Conj/Air       0%         3x3d6     100%        6
 Statue Form              Tmut/Erth      0%         N/A       100%        6
 Orb of Destruction       Conj           0%         9d5       100%        7
 Ignition                 Fire           0%         3d3       100%        8


Dungeon Overview and Level Annotations

Branches:
Dungeon (5/15)              Sewer (1/1)
 Temple: D:4-7

Altars:

Shops:
D:3 (


Innate Abilities, Weirdness & Mutations

You are amphibious.
You cover ground slowly.
You can hop short distances.
You have an extended range of vision and can be seen from far away.


Message History

You feel sick. The adder bites you but does no damage.
It was a potion of attraction.
You feel attractive to monsters.
You feel sick. The adder bites you.
* * * LOW HITPOINT WARNING * * *
You are lethally poisoned!
The adder poisons you!
It was a potion of might.
You feel very mighty all of a sudden.
* * * LOW HITPOINT WARNING * * *
You feel sick. The adder bites you.
* * * LOW HITPOINT WARNING * * *
The adder barely misses you.
It was a potion of resistance.
You feel protected.
* * * LOW HITPOINT WARNING * * *
You feel sick. The adder misses you.
It was a potion of flight.
You feel very buoyant.
You fly up into the air.
* * * LOW HITPOINT WARNING * * *
You feel sick. The adder barely misses you.
It was a potion of berserk rage.
A red film seems to cover your vision as you go berserk!
You feel yourself moving faster!
You feel mighty!
* * * LOW HITPOINT WARNING * * *
You feel sick.
The adder bites you but does no damage. x2
You are too berserk!
Really attack while wielding your +1 shortbow?
Okay, then.
Really attack while wielding your +1 shortbow?
Okay, then.
You are now empty-handed.
You feel a strong urge to attack something.
Really attack while wielding nothing?
Okay, then.
Really attack while wielding nothing?
You hit the adder.
The adder is severely wounded.
You die...

≈~~~.~~.~.~~~~~~.~~~~~~..~~~~~.~~
≈.≈≈≈≈≈≈≈≈≈≈≈≈≈≈≈≈≈≈≈≈≈≈≈≈≈≈≈≈≈≈≈
≈~≈~~.~..~~~†~~~~.†.~~~~~.~~.~~.~
#~≈~#######################~≈~###
#~≈~# ###### #~≈~# #.≈~# #..!.#
#~≈~# #~≈~#####''#####++#####
#.≈~# #~~~~~~..............∩#
#~≈.# #.~~~~.........†@....∩#
#~≈~# #~≈~#####''#####'S#####
#~≈~# #~≈~# #....# ....# #.≈~#
#~≈~# ###### ###### #~≈~# #~≈~#
#########~≈~# #~≈~~ ~.~~~~~~.~≈~#
#.≈~≈ ≈≈≈≈≈≈≈≈≈.≈.# #~≈~~
~~~~~†~~~~≈.# #########~≈~#


You could see an adder (unable to see you).

Vanquished Creatures
  A jelly (D:4)
  An orc priest (D:3)
  A sleepcap (D:4)
  9 adders
  3 river rats
  An ufetubus (D:4)
  4 worms
  A dart slug (D:2)
  10 orcs
  9 ball pythons
  9 bats
  5 endoplasms
  4 giant cockroaches
  6 goblins
  11 hobgoblins
  12 jackals
  7 quokkas
  8 frilled lizards
  9 kobolds
  11 rats
122 creatures vanquished.

Notes
Turn   | Place    | Note
-------+----------+-------------------------------------------
     0 | D:1      | porpoise the Barachi Hunter began the quest for the Orb.
     0 | D:1      | Reached XP level 1. HP: 17/17 MP: 1/1
   160 | D:1      | Reached XP level 2. HP: 23/23 MP: 2/2
   871 | D:2      | Reached XP level 3. HP: 28/28 MP: 3/3
   888 | D:2      | Reached skill level 5 in Ranged Weapons
  1102 | D:2      | Found a faded altar of an unknown god.
  1159 | D:2      | Reached XP level 4. HP: 35/35 MP: 4/4
  1891 | D:3      | Reached XP level 5. HP: 42/42 MP: 5/5
  2116 | D:3      | You fall into a shaft and drop 1 floor!
  2244 | D:3      | Found Feopruq's Antique Weapon Shop.
  2565 | D:4      | Reached skill level 6 in Ranged Weapons
  2749 | D:4      | Reached XP level 6. HP: 49/49 MP: 6/6
  2987 | D:5      | Entered Level 5 of the Dungeon
  3088 | D:5      | Found a glowing drain.
  3096 | Sewer    | Entered a sewer
  3334 | Sewer    | HP: 1/50 [poisoned by an adder]
  3337 | Sewer    | Succumbed to an adder's poison

Illustrated notes

Levels and vault maps discovered:
D:1:      dpeg_arrival_subterranean_lakeside_camping, layout_basic
D:2:      layout_basic, ebering_ecumenical_altar_abandoned
D:3:      layout_basic, serial_shops, nicolae_square_shop
D:4:      layout_rooms, st_stairs_1
D:5:      layout_loops_cross, gup_sewer_entry_bubbles, grunt_ministairs_3
Sewer:    sewer_fruit_machine

Skill      XL: |  1  2  3  4  5 |
---------------+----------------+-----
Fighting       | 3 4 |  4.8
Ranged Weapons | 5 6 |  6.8
Dodging        | |  2.1
Stealth        | |  0.8

Action                     |  1- 3 |  4- 6 || total
---------------------------+-------+-------++-------
  Melee: Unarmed           |       |     1 ||     1
   Fire: Shortbow          |    98 |   262 ||   360
    Use: Scroll            |       |     5 ||     5
         Potion            |       |     6 ||     6
 Armour: Leather armour    |    12 |    18 ||    30
         Ring mail         |       |    31 ||    31
  Dodge: Dodged            |    21 |    95 ||   116
